 Dungeon Crawl Stone Soup version 0.20.2-3-g29329e0561 (webtiles) character file.

200 Alfie the Shield-Bearer (level 5, -8/47 HPs)
             Began as a Minotaur Fighter on Nov 27, 2020.
             Killed from afar by an orc wizard (9 damage)
             ... with a magic dart
             ... on level 3 of the Dungeon.
             The game lasted 00:05:44 (1648 turns).

Alfie the Shield-Bearer (Minotaur Fighter)          Turns: 1648, Time: 00:05:45

Health: -8/47      AC:  7    Str: 21    XL:     5   Next: 49%
Magic:  4/4        EV:  8    Int:  5    God:
Gold:   80         SH: 10    Dex: 10    Spells: 4/4 levels left

rFire    . . .     SeeInvis .   a - +0 long sword
rCold    . . .     Gourm    .   c - +0 shield
rNeg     . . .     Faith    .   b - +0 scale mail
rPois    .         Spirit   .   (helmet restricted)
rElec    .         Reflect  .   (no cloak)
rCorr    .         Harm     .   (no gloves)
MR       .....                  (no boots)
Stlth    ..........             (no amulet)
Regen    0.2/turn               (no ring)
MPRegen  0.1/turn               (no ring)

@: no status effects
A: retaliatory headbutt, horns 2
a: no special abilities


You were on level 3 of the Dungeon.
You were not hungry.

You visited 1 branch of the dungeon, and saw 3 of its levels.

You collected 80 gold pieces.

Inventory:

Hand Weapons
 a - a +0 long sword (weapon)
Missiles
 s - 8 tomahawks (quivered)
Armour
 b - a +0 scale mail (worn)
 c - a +0 shield (worn)
Jewellery
 g - an uncursed amulet of magic regeneration
 m - an uncursed ring of see invisible {unknown}
Wands
 r - a wand of lightning (6/15)
Scrolls
 e - a scroll of remove curse {unknown}
 k - a scroll of enchant weapon {unknown}
 l - a scroll of teleportation
 o - a scroll of random uselessness {unknown}
 p - a scroll of recharging {unknown}
Potions
 d - 2 potions of might
 i - a potion of heal wounds {unknown}
 n - a potion of brilliance {unknown}
Comestibles
 f - 3 bread rations
 j - 10 fruits


   Skills:
 + Level 4.6 Fighting
 + Level 4.4 Long Blades
 + Level 4.3 Armour
 + Level 1.2 Dodging
 + Level 0.1 Stealth
 + Level 5.0 Shields


You had 4 spell levels left.
You didn't know any spells.

Dungeon Overview and Level Annotations

Branches:
Dungeon (3/15)

Altars:
Cheibriados
Vehumet
The Shining One


Innate Abilities, Weirdness & Mutations

You reflexively headbutt those who attack you in melee.
You have a pair of horns on your head.


Message History

You block the orc's attack.
Items here: ))) † a short sword x2; a mace of protection; an orc corpse You barely miss the orc wizard.
Your headbutt misses the orc wizard.
The orc wizard is almost dead.
The orc wizard gestures wildly while chanting.
The orc wizard blinks!
You block the orc's attack. The orc hits you with a trident.
The orc wizard mumbles some strange words.
The orc wizard blinks!
You hit the orc but do no damage. The orc wizard casts a spell at you.
The magic dart hits you!
* * * LOW HITPOINT WARNING * * *
The orc completely misses you.
You hit the orc but do no damage. The orc hits you with a trident!
* * * LOW HITPOINT WARNING * * *
The orc wizard gestures at you while chanting.
The magic dart hits you!
You die...

### #.. ## #.# # #.
#.#.# ## #.
###########.#.#....
#.
.........o@o.......
+.
###########.#.####o
#. #.# .. #. #.#
#.# #. ........##.#
# ## .........##.#
# ..........##.# #
#..........##.# #
#..........##.# #


You could see an orc wizard and an orc.

Vanquished Creatures
  A crimson imp (D:3)
  An orc priest (D:3)
  Terence (D:2)
  A gnoll (D:1)
  3 adders (D:2)
  An ooze (D:1)
  2 dart slugs (D:1)
  3 leopard geckos
  2 orcs (D:3)
  4 giant cockroaches
  10 goblins
  4 hobgoblins
  7 jackals (D:1)
  5 kobolds
  2 ball pythons
  8 bats
  5 frilled lizards
  5 rats
65 creatures vanquished.

Vanquished Creatures (others)
  Jessica (D:3)
1 creature vanquished.

Grand Total: 66 creatures vanquished

Notes
Turn   | Place    | Note
-------+----------+-------------------------------------------
     0 | D:1      | Alfie the Minotaur Fighter began the quest for the Orb.
     0 | D:1      | Reached XP level 1. HP: 19/19 MP: 0/0
   106 | D:1      | Reached skill level 4 in Shields
   106 | D:1      | Reached XP level 2. HP: 25/27 MP: 1/1
   381 | D:1      | Reached XP level 3. HP: 33/33 MP: 2/2
   869 | D:2      | Found a glowing golden altar of the Shining One.
   903 | D:2      | Found a snail-covered altar of Cheibriados.
   995 | D:2      | Reached XP level 4. HP: 32/40 MP: 3/3
  1017 | D:2      | Found a faded altar of an unknown god.
  1030 | D:2      | Noticed Terence
  1045 | D:2      | Killed Terence
  1488 | D:3      | Killed Jessica
  1547 | D:3      | Reached skill level 5 in Shields
  1547 | D:3      | Reached XP level 5. HP: 47/47 MP: 4/4
  1599 | D:3      | Found a radiant altar of Vehumet.
  1635 | D:3      | HP: 2/47 [orc priest/nerve-wracking pain (6)]
  1643 | D:3      | Reached skill level 1 in Dodging
  1648 | D:3      | HP: 1/47 [orc/trident (7)]
  1648 | D:3      | Killed from afar by an orc wizard

Skill      XL: |  1  2  3  4  5 |
---------------+----------------+-----
Shields        | 4 5 |  5.0
Fighting       | 4 |  4.6
Armour         | 4 |  4.3
Long Blades    | 3 4 |  4.4
Dodging        | 1 |  1.2
Stealth        | |  0.1

Action                   |  1- 3 |  4- 6 || total
-------------------------+-------+-------++-------
Melee: Long sword        |    98 |    64 ||   162
       Headbutt          |    11 |     8 ||    19
  Use: Potion            |       |     3 ||     3
       Scroll            |       |     3 ||     3
  Eat: Bread ration      |       |     1 ||     1
Armor: Scale mail        |    63 |    32 ||    95
Dodge: Dodged            |    25 |    31 ||    56
Block: Shield            |    65 |    48 ||   113
       Rpst.: Long sword |     5 |     7 ||    12
